 Dungeon Crawl Stone Soup version 0.25-a0-42-g6c54e25894 (webtiles) character file.

Game seed: 14766174533145301935, levelgen mode: deterministic

466 Gynju the Firebug (level 6, -4/32 HPs)
             Began as a Deep Elf Fire Elementalist on Oct 23, 2019.
             Slain by a water moccasin (5 damage)
             ... on level 4 of the Dungeon.
             The game lasted 00:08:23 (4534 turns).

Gynju the Firebug (Deep Elf Fire Elementalist)      Turns: 4534, Time: 00:08:24

Health: -4/32      AC:  5    Str:  5    XL:     6   Next: 81%
Magic:  15/15      EV: 14    Int: 22    God:
Gold:   136        SH:  0    Dex: 15    Spells: 7/15 levels left

rFire    + . .     SeeInvis .   d - +3 quarterstaff (chaos)
rCold    . . .     Gourm    .   (shield currently unavailable)
rNeg     + . .     Faith    .   a - +0 robe
rPois    +         Spirit   .   (no helmet)
rElec    .         Reflect  .   u - +2 cloak {rPois}
rCorr    .         Harm     .   (no gloves)
MR       .....                  (no boots)
Stlth    +.........             (no amulet)
HPRegen  0.10/turn              n - ring of positive energy
MPRegen  0.14/turn              h - ring of protection from fire

@: confused
A: no striking features
a: no special abilities


You were on level 4 of the Dungeon.
You were hungry.

You visited 1 branch of the dungeon, and saw 5 of its levels.

You collected 136 gold pieces.

Inventory:

Hand Weapons
 d - a +3 quarterstaff of chaos (weapon)
 j - a +0 long sword
Armour
 a - a +0 robe (worn)
 u - a +2 cloak of poison resistance (worn)
Jewellery
 g - an uncursed ring of protection from cold
 h - a ring of protection from fire (right hand)
 n - a ring of positive energy (left hand)
Scrolls
 e - 10 scrolls of identify {unknown}
 o - a scroll of random uselessness {unknown}
 p - a scroll of teleportation {unknown}
 q - a scroll of amnesia {unknown}
 r - a scroll of magic mapping {unknown}
Potions
 b - a potion of berserk rage {unknown}
 f - a potion of ambrosia {unknown}
 i - 3 potions of heal wounds
 k - a potion of mutation {unknown}
 l - a potion of brilliance {unknown}
 m - 3 potions of curing {unknown}
 s - a potion of haste {unknown}
Comestibles
 c - 7 rations


   Skills:
 + Level 4.3 Dodging
 - Level 2.4 Stealth
 + Level 5.0 Spellcasting
 * Level 4.3 Conjurations
 * Level 5.4 Fire Magic


You had 7 spell levels left.
You knew the following spells:

 Your Spells              Type           Power        Failure   Level  Hunger
a - Flame Tongue          Conj/Fire      ####.        1%          1    None
b - Conjure Flame         Conj/Fire      ####....     4%          3    ##.....
c - Sticky Flame          Conj/Fire      ####....     13%         4    ####...

Your spell library contained the following spells:

 Spells                   Type           Power        Failure   Level  Hunger
 Throw Flame              Conj/Fire      ####..       1%          2    None
 Inner Flame              Hex/Fire       ###.....     10%         3    ##.....
 Fireball                 Conj/Fire      ####......   36%         5    #####..


Dungeon Overview and Level Annotations

Branches:
Dungeon (5/15)
 Temple: D:4-7

Altars:
Kikubaaqudgha
Makhleb
Nemelex Xobeh
Sif Muna
Xom

Shops:
D:4 (

Annotations:
D:4 Ijyb


Message History

The water moccasin bites you but does no damage.
The water moccasin barely misses you. Ijyb hits you with a +0 dagger.
The water moccasin bites you.
* * * LOW HITPOINT WARNING * * *
You climb upwards.
There is a stone staircase leading down here.
Ijyb barely misses you.
Ijyb zaps a wand.
Your will is overpowered!
You are confused.
The water moccasin bites you!
* * * LOW HITPOINT WARNING * * *
You bump into the rock wall.
The water moccasin barely misses you.
You hit Ijyb.
Ijyb appears confused.
Ijyb is lightly wounded.
The water moccasin misses you. Ijyb hits you with a +0 dagger.
* * * LOW HITPOINT WARNING * * *
The water moccasin bites you but does no damage.
The water moccasin bites you.
You die...

### ########.##.#### ..##
#........##.##.#
#..#####.#####..#.....#
##................#...########
.....##..###....###..##......##
.###...<...<)##..##.##........##
.##.......#####.....#..........##
.##.......### #.....#............
.##.........# #.@............⌠.⌠.
.##.#..#.##.###S..#...........∩).
....#..#....>..g.##.#........⌠.⌠#
...)...###....#.###...........###
#...#.## #.......####..........#
###.#.# #.........)...........#
#.#.# #.....(###............#
#.#.# #......# #.#..........#
#.#.# #......###............#


You could see a water moccasin and Ijyb (confused).

Vanquished Creatures
  A dream sheep (D:3)
  A gnoll sergeant (D:4)
  A crimson imp (D:5)
  Crazy Yiuf (D:4)
  A worker ant (D:5)
  6 adders
  13 gnolls
  2 worms
  6 dart slugs
  4 leopard geckos
  6 orcs
  3 ball pythons
  2 giant cockroaches
  12 goblins
  12 hobgoblins
  8 jackals
  5 kobolds
  5 quokkas
  9 bats
  4 frilled lizards
  A giant cockroach zombie (D:2)
  A jackal zombie (D:4)
  A leopard gecko skeleton (D:4)
  3 rats
108 creatures vanquished.

Vanquished Creatures (others)
  4 dream sheep (D:3)
4 creatures vanquished.

Grand Total: 112 creatures vanquished

Notes
Turn   | Place    | Note
-------+----------+-------------------------------------------
     0 | D:1      | Gynju the Deep Elf Fire Elementalist began the quest for
                  | the Orb.
     0 | D:1      | Reached XP level 1. HP: 10/10 MP: 6/6
   152 | D:1      | Reached XP level 2. HP: 15/15 MP: 5/8
   872 | D:2      | Reached XP level 3. HP: 19/19 MP: 3/10
   888 | D:2      | Learned a level 3 spell: Conjure Flame
  1331 | D:2      | Reached XP level 4. HP: 22/24 MP: 2/11
  1337 | D:2      | Learned a level 4 spell: Sticky Flame
  2132 | D:2      | Found a burning altar of Makhleb.
  2132 | D:2      | Found a shimmering altar of Xom.
  2327 | D:2      | Found a shimmering blue altar of Sif Muna.
  2439 | D:2      | Reached XP level 5. HP: 28/28 MP: 11/13
  3013 | D:3      | Noticed a dream sheep
  3013 | D:3      | Noticed a dream sheep
  3013 | D:3      | Noticed a dream sheep
  3013 | D:3      | Noticed a dream sheep
  3013 | D:3      | Noticed a dream sheep
  3013 | D:3      | Found a shimmering altar of Xom.
  3018 | D:3      | Killed a dream sheep
  3018 | D:3      | Killed a dream sheep
  3018 | D:3      | Killed a dream sheep
  3018 | D:3      | Killed a dream sheep
  3021 | D:3      | Killed a dream sheep
  3178 | D:3      | Found an ancient bone altar of Kikubaaqudgha.
  3626 | D:3      | Reached XP level 6. HP: 32/32 MP: 5/14
  3845 | D:4      | Reached skill level 5 in Fire Magic
  4038 | D:4      | Found a runed translucent door.
  4039 | D:4      | Noticed Crazy Yiuf
  4050 | D:4      | Killed Crazy Yiuf
  4131 | D:4      | Found a sparkling altar of Nemelex Xobeh.
  4334 | D:4      | Found Ticetar's Antique Weapon Shop.
  4454 | D:5      | Entered Level 5 of the Dungeon
  4456 | D:5      | Reached skill level 5 in Spellcasting
  4511 | D:5      | Noticed a water moccasin
  4513 | D:5      | Noticed Ijyb
  4533 | D:4      | HP: 1/32 [Ijyb/+0 dagger (1)]
  4534 | D:4      | Slain by a water moccasin

Levels and vault maps discovered:
D:1:      onia_arrival_pyramid, layout_basic, minmay_tetromino_o4
D:2:      layout_rooms, gammafunk_temple_overflow_wave, lemuel_blue_sif_altar,
          nicolae_overflow_hidden_temple
D:3:      layout_rooms, lemuel_coloured_pillars_altar, first_ration,
          kb_xom_exploding_sheep
D:4:      layout_rooms, serial_shops, shop_fountains, minivault_14,
          lemuel_tele_altar, uniq_crazy_yiuf_cottage
D:5:      layout_cave_pods, lemuel_doored_altar, serial_bayou_pond_d, uniq_ijyb,
          uniq_menkaure

Skill      XL: |  1  2  3  4  5  6 |
---------------+-------------------+-----
Dodging        | 3 4 |  4.3
Conjurations   | 2 3 4 |  4.3
Fire Magic     | 4 5 |  5.4
Spellcasting   | 4 5 |  5.0
Stealth        | |  2.4

Action                   |  1- 3 |  4- 6 || total
-------------------------+-------+-------++-------
Melee: Short sword       |    10 |     3 ||    13
       Quarterstaff      |       |     3 ||     3
 Cast: Flame Tongue      |    65 |   146 ||   211
       Sticky Flame      |       |     5 ||     5
       Conjure Flame     |       |     3 ||     3
 Stab: Sleeping          |       |     1 ||     1
  Eat: Chunk             |     1 |    10 ||    11
Armor: Robe              |    14 |    22 ||    36
Dodge: Dodged            |    44 |    64 ||   108
       Rpst.: Long sword |       |     5 ||     5

Table legend:
 A = Non-vault XP
 B = Vault XP
 C = Vault XP percentage of total XP
 D = Non-vault monster count
 E = Vault monster count
 F = Vault count percentage of total count
                 A         B        C        D         E       F
            +---------+---------+-------+---------+---------+-------
      Total |     619 |      47 |   7.1 |     104 |       4 |   3.7
            +---------+---------+-------+---------+---------+-------
        D:1 |      49 |       5 |   9.3 |      18 |       3 |  14.3
        D:2 |     142 |       0 |   0.0 |      35 |       0 |   0.0
        D:3 |     186 |       0 |   0.0 |      39 |       0 |   0.0
        D:4 |     157 |      42 |  21.1 |       9 |       1 |  10.0
        D:5 |      85 |       0 |   0.0 |       3 |       0 |   0.0
            +---------+---------+-------+---------+---------+-------
